[ AOE2 MATCH · #504637341 ]
UnrankedCumans vs Mapuche
Player's team · LOSS
Rival team · WIN
[ REPLAY ANALYSIS · EXTRACTED FROM THE RECORDED GAME ]
Feudal
8:06
Castle
23:20
Imperial
31:04
| APM avg | 56.6 |
| APM peak | 88 |
| eAPM avg | 31.9 |
| Villagers / military | 221 / 184 |
Focus
⚔️ 35.8% · 🌾 64.2%
Kipchak ×73 · Cavalry Archer ×51 · Scout Cavalry ×19 · Steppe Lancer ×14 · Mangonel ×7 · Trebuchet (Packed) ×7
Feudal
7:35
Castle
21:06
Imperial
37:33
| APM avg | 33.1 |
| APM peak | 86 |
| eAPM avg | 21.8 |
| Villagers / military | 193 / 143 |
Focus
⚔️ 40.0% · 🌾 60.0%
Unknown (2550) ×197 · Skirmisher ×68 · Battering Ram ×42 · Kona ×22 · Monk ×6 · Trebuchet (Packed) ×5
Match map
Initial resources + every placement click. Lines = walls · curves = elevation contours. ◆ gold · ⬟ stone · ● berries · ✦ relic · ◌ wall gap
Your base· ✓ Closed at 23:20 · 61t walls · 1 gate(s)
T69Offical's base· ✓ Closed at 21:06 · 0t walls · 2 gate(s)
Smoothed initial terrain · ◌ = detected wall gap · hover for details
Inputs per minute
— Dawn_BH - - T69Offical
Build order — Dawn_BH
First 150 of 659 actions detected
| 0:01 | Queue | Villager (Male) |
| 0:02 | Build | House |
| 0:03 | Build | House |
| 0:31 | Queue | Villager (Male) |
| 0:31 | Queue | Villager (Male) |
| 0:33 | Queue | Villager (Male) |
| 0:54 | Build | Lumber Camp |
| 1:39 | Queue | Villager (Male) |
| 1:59 | Queue | Villager (Male) |
| 2:25 | Queue | Villager (Male) |
| 2:43 | Build | House |
| 2:58 | Queue | Villager (Male) |
| 3:04 | Queue | Villager (Male) |
| 3:04 | Queue | Villager (Male) |
| 3:48 | Queue | Villager (Male) |
| 3:49 | Queue | Villager (Male) |
| 4:12 | Queue | Villager (Male) |
| 4:43 | Queue | Villager (Male) |
| 5:10 | Build | Mill |
| 5:29 | Queue | Villager (Male) |
| 5:56 | Research | Feudal Age |
| 5:56 | Research | Feudal Age |
| 6:50 | Queue | Villager (Male) |
| 6:51 | Queue | Villager (Male) |
| 7:51 | Research | Loom |
| 8:01 | Build | Palisade Wall |
| 8:05 | Build | Palisade Wall |
| 8:06 | Age | Feudal Age |
| 8:08 | Build | Palisade Wall |
| 8:11 | Build | Palisade Wall |
| 8:14 | Research | Double-Bit Axe |
| 8:38 | Queue | Villager (Male) |
| 8:44 | Build | Town Center |
| 8:54 | Build | Palisade Wall |
| 9:00 | Build | Palisade Wall |
| 9:03 | Build | Palisade Wall |
| 9:06 | Build | Palisade Wall |
| 9:08 | Queue | Villager (Male) |
| 9:26 | Queue | Villager (Male) |
| 9:38 | Build | House |
| 9:42 | Research | Wheelbarrow |
| 9:54 | Build | Palisade Wall |
| 9:56 | Build | Palisade Wall |
| 9:57 | Build | Palisade Wall |
| 10:04 | Queue | Villager (Male) |
| 10:07 | Build | Palisade Wall |
| 10:10 | Build | Palisade Wall |
| 10:17 | Build | Palisade Wall |
| 10:21 | Build | Palisade Wall |
| 10:30 | Build | House |
| 10:36 | Build | Palisade Wall |
| 10:39 | Queue | Villager (Male) |
| 10:56 | Queue | Villager (Male) |
| 11:15 | Queue | Villager (Male) |
| 11:21 | Build | Palisade Wall |
| 11:22 | Build | Palisade Wall |
| 11:23 | Build | Palisade Wall |
| 11:24 | Queue | Villager (Male) |
| 11:50 | Build | Palisade Wall |
| 11:53 | Build | Palisade Wall |
| 11:58 | Queue | Villager (Male) |
| 12:06 | Queue | Villager (Male) |
| 12:09 | Build | Palisade Wall |
| 12:10 | Build | Palisade Wall |
| 12:18 | Queue | Villager (Male) |
| 12:22 | Build | Mining Camp |
| 12:26 | Build | Palisade Wall |
| 12:37 | Queue | Villager (Male) |
| 12:43 | Build | Farm |
| 12:47 | Build | Palisade Wall |
| 12:48 | Build | Palisade Wall |
| 12:51 | Queue | Villager (Male) |
| 13:01 | Build | House |
| 13:06 | Queue | Villager (Male) |
| 13:08 | Queue | Villager (Male) |
| 13:19 | Build | Farm |
| 13:23 | Build | Farm |
| 13:27 | Build | Farm |
| 13:27 | Queue | Villager (Male) |
| 13:29 | Queue | Villager (Male) |
| 13:39 | Build | Farm |
| 13:40 | Queue | Villager (Male) |
| 13:41 | Build | Farm |
| 13:42 | Queue | Villager (Male) |
| 13:48 | Queue | Villager (Male) |
| 13:56 | Queue | Villager (Male) |
| 14:01 | Build | Farm |
| 14:09 | Queue | Villager (Male) |
| 14:17 | Queue | Villager (Male) |
| 14:24 | Queue | Villager (Male) |
| 14:36 | Build | Farm |
| 14:45 | Build | Watch Tower |
| 14:49 | Queue | Villager (Male) |
| 14:56 | Build | Farm |
| 14:58 | Build | Farm |
| 14:59 | Queue | Villager (Male) |
| 15:05 | Build | Farm |
| 15:10 | Queue | Villager (Male) |
| 15:12 | Build | Farm |
| 15:16 | Build | House |
| 15:22 | Research | Town Watch |
| 15:31 | Build | House |
| 15:35 | Build | Farm |
| 15:35 | Queue | Villager (Male) |
| 15:38 | Queue | Villager (Male) |
| 15:41 | Queue | Villager (Male) |
| 15:49 | Build | Farm |
| 15:58 | Build | Farm |
| 16:10 | Build | Farm |
| 16:11 | Queue | Villager (Male) |
| 16:18 | Queue | Villager (Male) |
| 16:26 | Build | Farm |
| 16:28 | Build | Farm |
| 16:29 | Build | Farm |
| 16:30 | Queue | Villager (Male) |
| 16:46 | Queue | Villager (Male) |
| 16:54 | Queue | Villager (Male) |
| 16:59 | Queue | Villager (Male) |
| 17:03 | Build | Market |
| 17:06 | Build | House |
| 17:09 | Build | Farm |
| 17:11 | Build | Farm |
| 17:14 | Queue | Villager (Male) |
| 17:14 | Queue | Villager (Male) |
| 17:17 | Queue | Villager (Male) |
| 17:23 | Queue | Villager (Male) |
| 17:31 | Build | Mining Camp |
| 17:32 | Queue | Villager (Male) |
| 17:32 | Queue | Villager (Male) |
| 17:43 | Queue | Villager (Male) |
| 17:50 | Queue | Villager (Male) |
| 17:57 | Queue | Villager (Male) |
| 17:59 | Queue | Villager (Male) |
| 18:02 | Build | Farm |
| 18:03 | Build | Farm |
| 18:24 | Build | House |
| 18:27 | Build | Palisade Wall |
| 18:28 | Queue | Villager (Male) |
| 18:31 | Queue | Villager (Male) |
| 18:34 | Queue | Villager (Male) |
| 18:43 | Build | Barracks |
| 18:47 | Build | House |
| 18:53 | Queue | Villager (Male) |
| 18:59 | Build | Palisade Wall |
| 18:59 | Build | Palisade Wall |
| 19:02 | Build | House |
| 19:03 | Queue | Villager (Male) |
| 19:06 | Build | Farm |
| 19:07 | Queue | Villager (Male) |
| 19:09 | Queue | Villager (Male) |
Build order — T69Offical
First 150 of 507 actions detected
| 0:00 | Queue | Villager (Male) ×4 |
| 0:02 | Build | House |
| 0:03 | Build | House |
| 1:30 | Queue | Villager (Male) |
| 1:56 | Queue | Villager (Male) |
| 2:27 | Queue | Villager (Male) |
| 2:39 | Build | Settlement |
| 2:49 | Queue | Villager (Male) |
| 2:59 | Queue | Villager (Male) |
| 3:04 | Queue | Villager (Male) |
| 3:15 | Queue | Villager (Male) |
| 4:29 | Queue | Villager (Male) |
| 4:34 | Queue | Villager (Male) |
| 4:38 | Research | Loom |
| 5:20 | Research | Feudal Age |
| 6:04 | Build | House |
| 6:26 | Queue | Villager (Male) |
| 6:27 | Queue | Villager (Male) |
| 6:50 | Build | Settlement |
| 7:35 | Age | Feudal Age |
| 7:41 | Build | Watch Tower |
| 7:44 | Queue | Skirmisher |
| 7:51 | Research | Double-Bit Axe |
| 8:12 | Queue | Villager (Male) |
| 8:12 | Queue | Villager (Male) |
| 8:35 | Queue | Villager (Male) |
| 8:50 | Queue | Villager (Male) |
| 9:11 | Build | Settlement |
| 9:46 | Queue | Villager (Male) |
| 10:17 | Queue | Villager (Male) |
| 10:33 | Queue | Villager (Male) |
| 10:47 | Build | House |
| 10:49 | Build | House |
| 10:56 | Research | Horse Collar |
| 11:08 | Queue | Villager (Male) |
| 11:11 | Build | Farm |
| 11:14 | Build | Farm |
| 11:20 | Build | Farm |
| 11:38 | Queue | Villager (Male) ×2 |
| 11:44 | Build | Watch Tower |
| 11:52 | Queue | Villager (Male) |
| 12:06 | Queue | Villager (Male) |
| 12:13 | Queue | Villager (Male) |
| 12:13 | Queue | Villager (Male) |
| 12:31 | Queue | Villager (Male) ×2 |
| 12:42 | Queue | Villager (Male) |
| 12:52 | Queue | Villager (Male) |
| 13:04 | Queue | Villager (Male) |
| 13:10 | Build | Farm |
| 13:17 | Queue | Villager (Male) |
| 13:28 | Queue | Villager (Male) |
| 13:32 | Build | Farm |
| 13:44 | Queue | Villager (Male) |
| 13:59 | Queue | Villager (Male) |
| 14:18 | Build | Farm |
| 14:36 | Build | Settlement |
| 14:42 | Queue | Villager (Male) |
| 14:55 | Build | Watch Tower |
| 15:07 | Queue | Villager (Male) |
| 15:11 | Build | House |
| 15:21 | Queue | Villager (Male) |
| 15:31 | Queue | Villager (Male) ×5 |
| 15:32 | Queue | Villager (Male) ×2 |
| 15:57 | Build | Farm |
| 16:00 | Build | Farm |
| 16:03 | Build | Farm |
| 16:14 | Build | Farm |
| 16:25 | Queue | Villager (Male) ×2 |
| 16:58 | Build | Market |
| 17:05 | Queue | Villager (Male) |
| 17:32 | Build | Blacksmith |
| 17:43 | Queue | Villager (Male) |
| 18:15 | Research | Castle Age |
| 18:19 | Queue | Villager (Male) |
| 18:19 | Queue | Villager (Male) |
| 18:44 | Queue | Villager (Male) |
| 18:59 | Research | Stone Mining |
| 19:03 | Research | Gold Mining |
| 19:10 | Build | Farm |
| 19:36 | Queue | Villager (Male) |
| 19:48 | Build | Watch Tower |
| 20:08 | Queue | Villager (Male) |
| 20:45 | Queue | Villager (Male) |
| 21:06 | Age | Castle Age |
| 21:08 | Queue | Villager (Male) |
| 21:31 | Build | Castle |
| 21:45 | Research | Fletching |
| 21:46 | Queue | Villager (Male) |
| 21:46 | Queue | Villager (Male) |
| 22:00 | Build | Town Center |
| 22:20 | Queue | Villager (Male) |
| 22:25 | Research | Bodkin Arrow |
| 22:34 | Build | Siege Workshop |
| 22:45 | Build | Monastery |
| 22:51 | Research | Bow Saw |
| 23:11 | Queue | Kona |
| 23:13 | Queue | Kona |
| 23:23 | Queue | Villager (Male) |
| 23:26 | Queue | Villager (Male) |
| 23:27 | Queue | Monk |
| 23:32 | Queue | Monk |
| 23:42 | Build | Settlement |
| 23:44 | Queue | Battering Ram |
| 23:50 | Queue | Villager (Male) |
| 23:51 | Queue | Villager (Male) |
| 24:07 | Build | Farm |
| 24:12 | Build | Farm |
| 24:14 | Build | Farm |
| 24:17 | Build | Farm |
| 24:20 | Build | Farm |
| 24:20 | Queue | Villager (Male) |
| 24:21 | Queue | Villager (Male) |
| 24:35 | Queue | Battering Ram |
| 24:49 | Queue | Battering Ram |
| 24:57 | Queue | Villager (Male) |
| 25:10 | Queue | Monk |
| 25:18 | Queue | Villager (Male) |
| 25:20 | Queue | Villager (Male) |
| 25:30 | Queue | Villager (Male) |
| 25:35 | Queue | Villager (Male) |
| 25:58 | Queue | Monk |
| 26:04 | Queue | Villager (Male) |
| 26:04 | Queue | Villager (Male) |
| 26:12 | Queue | Kona |
| 26:12 | Queue | Kona |
| 26:29 | Queue | Villager (Male) |
| 26:36 | Queue | Battering Ram |
| 26:36 | Queue | Battering Ram |
| 26:37 | Queue | Battering Ram |
| 26:39 | Queue | Villager (Male) |
| 26:50 | Queue | Villager (Male) |
| 27:01 | Queue | Villager (Male) |
| 27:15 | Queue | Villager (Male) |
| 27:25 | Queue | Kona |
| 27:35 | Build | Farm |
| 27:37 | Build | Town Center |
| 27:39 | Build | Farm |
| 27:39 | Build | Farm |
| 27:40 | Build | Farm |
| 27:40 | Build | Farm |
| 27:40 | Build | Farm |
| 27:41 | Build | Farm |
| 27:41 | Build | Farm |
| 27:41 | Build | Farm |
| 27:41 | Build | Farm |
| 27:41 | Build | Farm |
| 27:42 | Build | Farm |
| 27:45 | Build | Settlement |
| 27:46 | Build | Farm |
| 27:46 | Build | Farm |
Match timeline
| 7:35 | T69Offical · age_up feudal |
| 8:01 | Dawn_BH · wall_segment Palisade Wall x4 |
| 8:05 | Dawn_BH · wall_segment Palisade Wall x6 |
| 8:06 | Dawn_BH · age_up feudal |
| 8:08 | Dawn_BH · wall_segment Palisade Wall x1 |
| 8:11 | Dawn_BH · wall_segment Palisade Wall x1 |
| 8:54 | Dawn_BH · wall_segment Palisade Wall x7 |
| 9:00 | Dawn_BH · wall_segment Palisade Wall x4 |
| 9:03 | Dawn_BH · wall_segment Palisade Wall x8 |
| 9:06 | Dawn_BH · wall_segment Palisade Wall x1 |
| 9:54 | Dawn_BH · wall_segment Palisade Wall x1 |
| 9:56 | Dawn_BH · wall_segment Palisade Wall x2 |
| 9:57 | Dawn_BH · wall_segment Palisade Wall x1 |
| 10:07 | Dawn_BH · wall_segment Palisade Wall x6 |
| 10:10 | Dawn_BH · wall_segment Palisade Wall x2 |
| 10:17 | Dawn_BH · wall_segment Palisade Wall x1 |
| 10:21 | Dawn_BH · wall_segment Palisade Wall x1 |
| 10:36 | Dawn_BH · wall_segment Palisade Wall x3 |
| 11:21 | Dawn_BH · wall_segment Palisade Wall x2 |
| 11:22 | Dawn_BH · wall_segment Palisade Wall x1 |
| 11:23 | Dawn_BH · wall_segment Palisade Wall x1 |
| 11:50 | Dawn_BH · wall_segment Palisade Wall x4 |
| 11:53 | Dawn_BH · wall_segment Palisade Wall x1 |
| 12:09 | Dawn_BH · wall_segment Palisade Wall x1 |
| 12:10 | Dawn_BH · wall_segment Palisade Wall x1 |
| 12:26 | Dawn_BH · wall_segment Palisade Wall x2 |
| 12:47 | Dawn_BH · wall_segment Palisade Wall x1 |
| 12:48 | Dawn_BH · wall_segment Palisade Wall x1 |
| 18:27 | Dawn_BH · wall_segment Palisade Wall x2 |
| 18:43 | Dawn_BH · first_building Barracks |
| 18:59 | Dawn_BH · wall_segment Palisade Wall x1 |
| 18:59 | Dawn_BH · wall_segment Palisade Wall x1 |
| 19:20 | Dawn_BH · wall_segment Palisade Wall x1 |
| 19:21 | Dawn_BH · wall_segment Palisade Wall x1 |
| 19:39 | Dawn_BH · first_building Archery Range |
| 19:49 | Dawn_BH · first_building Stable |
| 20:01 | Dawn_BH · wall_segment Palisade Wall x1 |
| 20:25 | T69Offical · first_market_sell 100 wood |
| 20:27 | T69Offical · first_market_buy 100 stone |
| 21:06 | T69Offical · age_up castle |
| 21:31 | T69Offical · first_building Castle |
| 22:34 | T69Offical · first_building Siege Workshop |
| 22:45 | T69Offical · first_building Monastery |
| 23:03 | Dawn_BH · first_building Siege Workshop |
| 23:20 | Dawn_BH · age_up castle |
| 23:50 | Dawn_BH · first_building Monastery |
| 24:09 | Dawn_BH · first_building Castle |
| 24:54 | Dawn_BH · first_market_sell 100 wood |
| 25:16 | Dawn_BH · wall_segment Palisade Wall x1 |
| 25:49 | Dawn_BH · wall_segment Palisade Wall x1 |
| 25:50 | Dawn_BH · wall_segment Palisade Wall x1 |
| 27:41 | Dawn_BH · first_market_buy 100 food |
| 31:04 | Dawn_BH · age_up imperial |
| 33:48 | T69Offical · first_building Barracks |
| 37:33 | T69Offical · age_up imperial |
| 42:21 | Dawn_BH · wall_segment Palisade Wall x1 |
| 46:08 | Dawn_BH · wall_segment Palisade Wall x1 |
| 46:09 | Dawn_BH · wall_segment Palisade Wall x1 |
| 46:11 | Dawn_BH · wall_segment Palisade Wall x1 |
| 46:12 | T69Offical · first_building Archery Range |
| 54:46 | Dawn_BH · resign |
[ AI ANALYSIS · 1 CREDIT ]
What really happened in this match?
Wolo.gg analyzes every decision: build order, eco, micro, common mistakes by bracket. Personalized analysis on WhatsApp or Discord in 30 seconds.
Civ guide
Cumans
Perfil
Jugador #14844574